Map: Dusk Towers

Players

PtitDrogo - Winner!

  • Race: Protoss Protoss
  • League: Master

uThermal

  • Race: Terran Terran
  • League: Grandmaster

Event: DreamHack ZOWIE Open Leipzig

VOD

https://www.youtube.com/watch?v=4wVP3KFNTMA

Description

Time

  • Played on: Jan. 23, 2016, 2:28 p.m.
  • Length: 15:37

All games in this series

Show
View Real Time Build Order
Export as new Build Order

PtitDrogo Protoss - Winner!

Build Orders: 1 Gate Expand, Zealot Archon 

Get SALT Encoding   

  12  0:01  Probe (Chrono Boost)  
  13  0:11  Probe (Chrono Boost)  
  14  0:17  Pylon  
  14  0:22  Probe (Chrono Boost)  
  15  0:35  Probe (Chrono Boost)  
  16  0:36  Gateway  
  16  0:41  Assimilator  
  16  0:46  Probe (Chrono Boost)  
  17  0:56  Probe (Chrono Boost)  
  18  1:07  Probe (Chrono Boost)  
  19  1:18  Nexus  
  19  1:21  Probe (Chrono Boost)  
  20  1:31  Cybernetics Core  
  20  1:34  Probe (Chrono Boost)  
  21  1:40  Assimilator  
  21  1:45  Probe (Chrono Boost)  
  22  1:48  Pylon  
  22  1:55  Probe (Chrono Boost)  
  23  2:06  Probe (Chrono Boost)  
  23  2:07  Adept  
  23  2:08  Warp Gate  
  26  2:17  Probe (Chrono Boost)  
  27  2:26  Twilight Council  
  27  2:28  Probe (Chrono Boost)  
  28  2:30  Probe (Chrono Boost)  
  29  2:38  Probe (Chrono Boost)  
  29  2:41  Probe (Chrono Boost)  
  31  2:46  Robotics Facility  
  31  2:49  Probe (Chrono Boost)  
  32  2:52  Probe (Chrono Boost)  
  32  2:58  Pylon  
  33  2:59  Probe (Chrono Boost)  
  33  3:02  Probe (Chrono Boost)  
  33  3:03  Resonating Glaives (Chrono Boost)  
  35  3:10  Probe (Chrono Boost)  
  37  3:13  Gateway, Probe (Chrono Boost)  
  37  3:18  Gateway  
  37  3:20  Probe (Chrono Boost)  
  37  3:23  Probe (Chrono Boost)  
  39  3:31  Mothership Core (Chrono Boost)  
  39  3:33  Probe (Chrono Boost), Pylon, Warp Prism  
  44  3:45  Probe  
  45  3:51  Probe, Assimilator  
  45  3:52  Assimilator  
  46  3:57  Probe  
  47  4:03  Probe  
  47  4:07  Observer  
  47  4:09  Probe  
  50  4:11  Pylon  
  50  4:13  Adept x3  
  50  4:15  Probe  
  57  4:21  Probe  
  58  4:27  Probe, Warp Prism  
  57  4:34  Probe  
  60  4:40  Probe  
  61  4:45  Blink (Chrono Boost)  
  61  4:46  Probe  
  61  4:50  Nexus  
  61  4:51  Pylon  
  61  4:52  Templar Archives, Probe  
  63  4:54  Pylon  
  63  4:58  Probe  
  64  5:01  Observer  
  64  5:04  Probe  
  66  5:10  Stargate  
  66  5:11  Probe  
  67  5:15  Forge  
  67  5:16  Forge  
  67  5:17  Probe  
  68  5:23  Probe  
  69  5:29  Probe  
  69  5:30  Pylon  
  69  5:34  Stalker x2  
  74  5:35  Probe  
  74  5:41  Stalker, Probe  
  78  5:47  Probe  
  77  5:54  Probe  
  76  6:00  Phoenix (Chrono Boost)  
  76  6:02  Probe, Protoss Ground Weapons Level 1 (Chrono Boost), Protoss Ground Armor Level 1 (Chrono Boost)  
  77  6:08  Probe, Pylon  
  77  6:09  Probe  
  75  6:12  Gateway  
  75  6:14  Probe  
  75  6:15  Gateway x2  
  74  6:19  Probe  
  74  6:20  Phoenix (Chrono Boost)  
  74  6:21  Assimilator  
  74  6:23  Assimilator  
  77  6:31  Sentry x3  
  82  6:50  Probe x2  
  82  6:52  Pylon  
  84  6:55  Observer  
  84  6:57  Robotics Bay  
  84  7:00  Probe  
  86  7:04  Probe  
  87  7:16  Nexus  
  87  7:17  Pylon  
  87  7:28  Gateway x2  
  87  7:30  Gateway  
  87  7:31  High Templar  
  87  7:32  Adept x4, High Templar  
  87  7:36  Probe x2  
  101  7:37  Archon  
  101  7:38  Protoss Ground Weapons Level 2 (Chrono Boost)  
  101  7:42  Protoss Ground Armor Level 2 (Chrono Boost)  
  101  7:45  Colossus (Chrono Boost)  
  101  7:46  Extended Thermal Lance (Chrono Boost)  
  107  7:56  Zealot x2  
  107  7:57  Zealot x2  
  115  8:10  Probe x2  
  117  8:16  Assimilator  
  117  8:22  Assimilator  
  117  8:24  Pylon  
  115  8:29  Colossus (Chrono Boost)  
  121  8:35  Zealot x3  
  121  8:37  Charge (Chrono Boost)  
  127  8:44  Zealot  
  127  8:45  Zealot x4  
  137  8:48  Robotics Facility  
  137  8:58  Stalker x4  
  145  9:03  Pylon  
  145  9:11  High Templar  
  145  9:12  High Templar x3  
  145  9:13  Zealot  
  145  9:14  Pylon  
  145  9:17  Pylon  
  155  9:27  Archon x2  
  155  9:29  Zealot x4  
  155  9:30  Colossus  
  161  9:33  Pylon  
  161  9:34  Pylon  
  161  9:36  Pylon  
  161  9:37  Pylon  
  167  9:42  Colossus  
  173  9:48  Protoss Ground Weapons Level 3, Protoss Ground Armor Level 3  
  173  9:52  High Templar x2  
  173  9:53  Zealot x4  
  173  9:59  Archon  
  185  10:14  Photon Cannon  
  185  10:16  Photon Cannon  
  185  10:21  High Templar  
  185  10:22  Zealot x2, High Templar  
  185  10:23  Zealot  
  185  10:26  Archon  
  195  10:34  Zealot x2  
  197  10:50  Fleet Beacon  
  197  10:51  Psionic Storm  
  163  11:11  High Templar x4  
  147  11:15  Stalker x5  
  161  11:26  Immortal  
  161  11:29  Nexus  
  161  11:31  Immortal  
  161  11:32  Pylon  
  169  11:36  Tempest  
  173  11:46  Stalker  
  173  11:47  Stalker x3  
  177  11:48  Zealot  
  176  12:04  Stalker  
  176  12:05  Stalker x3  
  162  12:25  Archon x2  
  144  12:32  Zealot x4  
  144  12:33  Zealot x5  
  144  12:47  Probe  
  145  12:53  Assimilator  
  145  12:57  Assimilator  
  145  12:58  High Templar x2  
  145  12:59  High Templar x4  
  145  13:00  Zealot, High Templar x2  
  145  13:04  Archon x3  
  145  13:05  Archon  
  163  13:09  Immortal  
  161  13:14  Immortal  
  169  13:20  Photon Cannon  
  169  13:21  Photon Cannon  
  169  13:24  Tempest  
  173  13:39  Stalker x3  
  173  13:40  Stalker x3  
  183  13:57  Zealot x3  
  187  14:04  High Templar x2  
  187  14:05  High Templar x3  
  197  14:20  Gateway  
  197  14:22  Gateway  
  197  14:24  Mothership Core  
  197  14:25  Gateway  
  197  14:29  Pylon  
  197  14:30  Gateway, Pylon  
  199  14:56  Pylon  
  199  14:58  Pylon  
  197  15:15  Stalker  
  195  15:28  Archon x2  
Show
View Real Time Build Order
Export as new Build Order

uThermal Terran 

Build Orders: MMM Bio 

Get SALT Encoding   

  12  0:01  SCV  
  13  0:13  SCV  
  14  0:17  Supply Depot  
  14  0:25  SCV  
  15  0:39  SCV  
  15  0:40  Barracks  
  16  0:45  Refinery  
  16  0:51  SCV  
  17  1:03  SCV  
  18  1:15  SCV  
  19  1:28  Barracks Reactor, Orbital Command  
  19  1:41  Command Center  
  19  1:51  Supply Depot  
  19  1:53  SCV  
  20  2:05  Marine x2  
  20  2:06  SCV  
  23  2:18  SCV, Factory  
  24  2:23  Marine x2  
  24  2:28  Refinery  
  26  2:30  SCV  
  27  2:41  Marine x2  
  27  2:42  SCV  
  30  2:54  SCV  
  30  2:55  Orbital Command  
  31  3:01  Factory Tech Lab, Starport  
  31  3:06  SCV  
  31  3:10  Marine x2  
  34  3:18  SCV  
  35  3:20  Cyclone  
  38  3:27  SCV  
  38  3:30  SCV  
  40  3:36  Supply Depot  
  40  3:37  Marine x2  
  40  3:39  Viking  
  44  3:44  SCV x2  
  46  3:58  SCV x2  
  46  4:02  Supply Depot  
  48  4:06  Siege Tank  
  51  4:10  SCV x2  
  51  4:14  Liberator  
  53  4:18  Command Center  
  53  4:23  Marine x2  
  55  4:26  SCV  
  56  4:34  Supply Depot  
  56  4:41  SCV x2, Marine x2  
  60  4:49  Supply Depot  
  60  4:53  SCV x2  
  60  4:56  Siege Tank  
  60  4:57  Barracks  
  60  4:59  Barracks  
  65  5:00  Marine  
  65  5:01  Liberator  
  65  5:02  Marine  
  65  5:06  SCV x2  
  69  5:12  Engineering Bay  
  69  5:15  Refinery  
  69  5:16  Refinery  
  69  5:20  SCV  
  73  5:22  SCV  
  73  5:23  Marine  
  73  5:25  Marine  
  76  5:31  Supply Depot  
  76  5:34  SCV x2  
  78  5:38  Siege Tank  
  78  5:41  Marine  
  82  5:43  Marine  
  82  5:48  Marine  
  79  5:52  SCV  
  74  5:59  Marine  
  74  6:01  Marine  
  74  6:02  Orbital Command  
  71  6:06  Barracks Tech Lab  
  71  6:07  Barracks Tech Lab  
  73  6:12  SCV x2  
  75  6:19  Marine  
  75  6:24  SCV x2  
  75  6:25  Combat Shields, Stimpack, Marine x2  
  78  6:29  SCV  
  78  6:31  Starport Reactor  
  78  6:32  Marine  
  78  6:36  SCV  
  78  6:37  Terran Infantry Weapons Level 1, SCV  
  78  6:38  Factory Reactor  
  78  6:41  SCV  
  78  6:45  Marine x2  
  81  6:48  SCV  
  81  6:49  SCV  
  81  6:53  SCV, Barracks  
  81  6:54  Marauder, Marine  
  86  6:55  Barracks  
  86  7:00  Supply Depot  
  86  7:01  SCV x2  
  89  7:02  Marine  
  90  7:08  Supply Depot  
  90  7:09  Medivac  
  90  7:10  Medivac  
  90  7:11  Supply Depot  
  90  7:12  SCV  
  90  7:13  SCV  
  96  7:16  Marine x2  
  96  7:18  Widow Mine  
  96  7:21  Widow Mine  
  102  7:24  Marine  
  102  7:25  Supply Depot  
  102  7:26  SCV x2  
  102  7:28  SCV  
  106  7:34  Supply Depot  
  106  7:36  Marine x2  
  107  7:39  Medivac  
  107  7:41  Medivac  
  107  7:44  Barracks Reactor  
  112  7:45  Concussive Shells  
  109  7:53  Supply Depot  
  109  7:59  Supply Depot  
  109  8:00  Bunker  
  109  8:02  Marine x2  
  109  8:03  Marauder  
  109  8:05  SCV x3, Supply Depot  
  116  8:06  Supply Depot  
  116  8:08  Widow Mine  
  116  8:09  Medivac, Widow Mine  
  116  8:11  Marine x2  
  124  8:17  SCV  
  125  8:20  Marine x2  
  125  8:21  Marine  
  125  8:24  Marauder  
  125  8:26  SCV x2  
  132  8:28  Marine  
  132  8:29  SCV, Marine  
  132  8:31  Terran Infantry Armor Level 1  
  132  8:34  Marauder  
  132  8:35  Supply Depot  
  132  8:38  Marine  
  132  8:39  Marine x2  
  139  8:47  Liberator  
  139  8:48  Marine, Liberator  
  141  8:49  Marauder  
  141  8:52  Marauder  
  146  8:55  Marine x2  
  146  8:57  Marine x2  
  146  9:02  Starport  
  146  9:06  SCV x2  
  146  9:07  Factory Tech Lab, Refinery  
  146  9:08  Marine  
  153  9:10  Marauder  
  153  9:11  SCV  
  153  9:12  Marine  
  153  9:14  Marauder, Marine  
  160  9:18  SCV  
  160  9:21  SCV  
  161  9:26  SCV  
  160  9:33  Liberator x2  
  160  9:34  Marine x2, Liberator  
  160  9:35  Marauder x2  
  166  9:41  Command Center  
  166  9:42  Supply Depot x2  
  165  9:49  Liberator  
  174  9:55  Marine  
  174  9:56  Marine  
  174  9:57  Fusion Core, Marine  
  174  9:59  Marine  
  178  10:00  Marine  
  178  10:02  Marine  
  184  10:13  Supply Depot, Marine x2  
  185  10:15  Marine  
  185  10:16  Liberator  
  185  10:17  Liberator  
  185  10:23  Marauder, Marine  
  185  10:26  Marine  
  189  10:29  Marauder  
  189  10:31  Marine x2  
  189  10:32  Marine  
  200  10:41  Marine  
  200  10:54  Liberator  
  200  10:55  Marine  
  173  11:12  Marauder x2, Liberator, Marine x3  
  173  11:13  Marine  
  187  11:22  Planetary Fortress  
  187  11:24  Marine  
  185  11:28  Advanced Ballistics  
  185  11:29  Marine  
  185  11:31  Marauder, Marine x2  
  185  11:32  Liberator  
  192  11:34  Marauder x2  
  195  11:42  Marine  
  195  11:45  Liberator  
  195  11:47  Marine  
  195  11:49  Marine  
  195  11:50  Marine  
  197  12:02  Command Center  
  197  12:08  Liberator  
  199  12:14  Command Center  
  199  12:15  Liberator  
  127  12:30  Marine  
  127  12:31  Marauder  
  127  12:32  Liberator  
  127  12:34  Marine x5  
  125  12:47  SCV x2, Barracks  
  125  12:48  SCV, Refinery, Barracks, Marine  
  125  12:50  Barracks  
  132  12:51  Marine  
  132  12:52  Marauder x2, Marine x2  
  132  12:53  Marauder  
  139  13:06  Marine  
  139  13:08  Liberator  
  139  13:09  Marine x2  
  139  13:10  Marine  
  141  13:13  Marauder  
  141  13:14  Marauder x2  
  147  13:21  Refinery x2, Missile Turret  
  147  13:22  SCV x2  
  147  13:24  Marine  
  153  13:27  Marine x3  
  153  13:30  Orbital Command  
  154  13:35  Marauder x3  
  154  13:38  Marine  
  161  13:41  Marine  
  161  13:45  Marine x4  
  161  13:46  Marine  
  159  13:56  Marauder, Marine x2  
  159  13:57  Marauder  
  159  13:59  Marine  
  169  14:02  Marine  
  169  14:03  Marine  
  169  14:04  Marine  
  169  14:06  Marine  
  169  14:09  Viking  
  172  14:13  Viking  
  172  14:14  Marauder  
  172  14:17  Viking  
  178  14:18  Marauder x2  
  178  14:22  Orbital Command  
  178  14:23  Marine  
  183  14:32  Viking  
  183  14:34  Marine  
  183  14:36  Marauder  
  183  14:38  Orbital Command  
  188  14:39  Marauder x2  
  188  14:41  Marine x2  
  188  14:43  Viking  
  196  14:50  Viking  
  198  14:55  Marine x2  
  198  14:56  Viking  
  198  14:57  Marauder  
  198  14:59  Marine  

Tags
 
Add a new tag
Caveats
  • Supply blocks, unpowered buildings, or Contaminate may cause inaccurate times.
  • Supply counts are checked every 10 seconds.